 Dungeon Crawl Stone Soup version 0.29-a0-757-g358383bc75 (webtiles) character file.

Game seed: 12576878304496452912

22424 Gildeon the Severer (level 12, -7/95 HPs)
             Began as a Minotaur Fighter on June 29, 2022.
             Was a High Priest of Hepliaklqana.
             Mangled by a black mamba (9 damage)
             ... on level 4 of the Lair of Beasts on June 30, 2022.
             The game lasted 00:31:30 (14606 turns).

Gildeon the Severer (Minotaur Fighter)             Turns: 14606, Time: 00:31:31

Health: -7/95      AC: 17    Str: 24    XL:     12   Next: 62%
Magic:  17/17      EV:  5    Int:  5    God:    Hepliaklqana [*****.]
Gold:   650        SH: 19    Dex: 12    Spells: 19/20 levels left

rFire   . . .      SeeInvis .   V - +7 broad axe (elec)
rCold   . . .      Faith    .   R - +0 tower shield
rNeg    + . .      Spirit   .   Q - +0 plate armour
rPois   .          Reflect  +   (helmet restricted)
rElec   .          Harm     .   J - +0 cloak
rCorr   .          Rampage  .   u - +0 pair of gloves
Will    .....                   g - +0 pair of boots
Stlth   ..........              O - amulet of reflection
HPRegen 0.25/turn               r - ring of flight
MPRegen 0.15/turn               L - ring of positive energy

@: lethally poisoned (-7 -> -20), flying, slowed, very slow
A: reduced essence, horns 2, retaliatory headbutt
a: Renounce Religion, Recall Ancestor, Ancestor Identity, Transference, Idealise


You were on level 4 of the Lair of Beasts.
You worshipped Hepliaklqana.
Hepliaklqana was extremely pleased with you.
You visited 3 branches of the dungeon, and saw 16 of its levels.

You collected 832 gold pieces.
You spent 182 gold pieces at shops.

Inventory:

Hand Weapons
 s - a +0 flail
 V - a +7 broad axe of electrocution (weapon)
Armour
 g - a +0 pair of boots (worn)
 u - a +0 pair of gloves (worn)
 J - a +0 cloak (worn)
 P - the +8 chain mail of Dim Light {Int-5 Dex+5}
   (You found it on level 8 of the Dungeon)

   Int:       It affects your intelligence (-5).
   Dex:       It affects your dexterity (+5).
 Q - a +0 plate armour (worn)
 R - a +0 tower shield (worn)
Jewellery
 i - a ring of see invisible
 r - a ring of flight (left hand)
 H - a ring of ice
 L - a ring of positive energy (right hand)
 M - a ring of fire
 O - an amulet of reflection (around neck)
Wands
 q - a wand of digging (5)
 x - a wand of iceblast (12)
 F - a wand of polymorph (10)
 G - a wand of flame (18)
 I - a wand of paralysis (25)
 S - a wand of acid (9)
 T - a wand of mindburst (6)
Scrolls
 a - a scroll of blinking {unknown}
 b - a scroll of noise {unknown}
 c - 4 scrolls of fear
 e - 4 scrolls of magic mapping
 l - 2 scrolls of vulnerability {unknown}
 o - a scroll of poison {unknown}
 p - 4 scrolls of teleportation {unknown}
 t - 3 scrolls of immolation {unknown}
 y - a scroll of summoning {unknown}
 C - a scroll of identify
 D - 2 scrolls of amnesia {unknown}
 E - a scroll of acquirement {unknown}
 K - a scroll of enchant armour {unknown}
 W - a scroll of fog {unknown}
Potions
 d - 4 potions of might
 f - 2 potions of heal wounds
 h - 4 potions of lignification
 j - 2 potions of berserk rage {unknown}
 k - a potion of invisibility
 m - 4 potions of resistance
 n - a potion of ambrosia {unknown}
 v - 3 potions of brilliance
 w - 6 potions of curing
 z - 2 potions of mutation {unknown}
 A - 4 potions of haste
 B - a potion of cancellation {unknown}
 N - 7 potions of attraction
 U - a potion of magic {unknown}


   Skills:
 - Level 10.0 Fighting
 - Level 18.0 Axes
 + Level 7.8 Armour
 - Level 5.0 Dodging
 + Level 7.8 Shields
 + Level 4.6 Spellcasting
 - Level 5.0 Evocations


You had 19 spell levels left.
You knew the following spells:

 Your Spells              Type           Power      Damage    Failure   Level
a - Slow                  Hex            4%         N/A       100%        1

Your spell library contained the following spells:

 Spells                   Type           Power      Damage    Failure   Level
 Beastly Appendage        Tmut           2%         N/A       100%        1
 Ensorcelled Hibernation  Hex/Ice        2%         N/A       100%        2
 Passwall                 Tmut/Erth      0%         N/A       100%        2
 Wereblood                Tmut           1%         N/A       100%        2
 Confusing Touch          Hex            1%         N/A       100%        3
 Dazzling Flash           Conj/Hex       2%         N/A       100%        3
 Portal Projectile        Hex/Tloc       2%         N/A       100%        3
 Spider Form              Tmut/Pois      1%         N/A       100%        3
 Summon Guardian Golem    Hex/Summ       1%         N/A       100%        3
 Swiftness                Air            1%         N/A       100%        3
 Tukima's Dance           Hex            1%         N/A       100%        3
 Vampiric Draining        Necr           1%         2d6       100%        3
 Hailstorm                Conj/Ice       1%         3d3       100%        4
 Ice Form                 Ice/Tmut       1%         N/A       100%        4
 Agony                    Necr           1%         N/A       100%        5
 Blade Hands              Tmut           0%         N/A       100%        5
 Silence                  Hex/Air        0%         N/A       100%        5
 Simulacrum               Ice/Necr       0%         N/A       100%        6
 Orb of Destruction       Conj           0%         9d5       100%        7
 Spellforged Servitor     Conj/Summ      0%         N/A       100%        7


Dungeon Overview and Level Annotations

Branches:
Dungeon (11/15)            Temple (1/1) D:5            Lair (4/6) D:10
 Shoals (0/4) Lair:3       Spider (0/4) Lair:2
    Orc: D:9-12

Altars:
Ashenzari
Cheibriados
Dithmenos
Elyvilon
Fedhas
Gozag
Hepliaklqana
Kikubaaqudgha
Makhleb
Nemelex Xobeh
Okawaru
Qazlal
Ru
Sif Muna
Trog
Uskayaw
Vehumet
Wu Jian
Xom
Yredelemnul
Zin
The Shining One

Shops:
D:4 ?   D:10 =

Annotations:
Lair:2 2 transporters, exclusion: oklob plant


Innate Abilities, Weirdness & Mutations

Your life essence is reduced to manifest your ancestor. (-10% HP)
You have a pair of horns on your head.
You reflexively headbutt those who attack you in melee.


Message History

* * * LOW HITPOINT WARNING * * *
The swamp worm bites you!
* * * LOW HITPOINT WARNING * * *
You block the black mamba's attack.
The torpor snail bites you but does no damage.
You slash the swamp worm! You headbutt the swamp worm.
The swamp worm is severely wounded.
You hit the torpor snail but do no damage.
You hit the demonic crawler. You miss the black mamba.
You closely miss the swamp worm. You block the black mamba's attack.
You block the demonic crawler's attack. x2
The demonic crawler barely misses you. You block the swamp worm's attack.
The swamp worm bites you.
* * * LOW HITPOINT WARNING * * *
You block the black mamba's attack.
The demonic crawler hits you but does no damage. x3
The swamp worm bites you.
* * * LOW HITPOINT WARNING * * *
The swamp worm bites you but does no damage.
The black mamba bites you.
* * * LOW HITPOINT WARNING * * *
You are lethally poisoned!
The black mamba poisons you! You block the torpor snail's attack.
You feel much better.
You feel very sick. You block the black mamba's attack.
The demonic crawler hits you!
* * * LOW HITPOINT WARNING * * *
The demonic crawler barely misses you. The demonic crawler hits you!
* * * LOW HITPOINT WARNING * * *
The swamp worm barely misses you. You block the swamp worm's attack.
The black mamba bites you but does no damage.
The demonic crawler hits you.
* * * LOW HITPOINT WARNING * * *
You block the demonic crawler's attack.
The demonic crawler hits you but does no damage.
The swamp worm bites you!
* * * LOW HITPOINT WARNING * * *
The swamp worm bites you but does no damage.
The torpor snail barely misses you. The black mamba bites you!
You die...

#. ...........
####.##..P....PP.....
#...#....#....P......
##...#.....#...........
###≈. #..................
≈≈≈≈≈##..P.#....#........
≈≈≈≈≈P..................
###≈≈≈≈w................
###≈w@................
#≈wsS#..............
)≈≈≈≈≈≈≈≈.#..P...........
≈≈≈≈≈#≈≈≈.#..............
##≈###≈≈≈............#...
# ≈≈≈≈#..........#.....
≈≈........#..........
≈≈....##..............
....P.. #.#.##.........


You could see a torpor snail, a demonic crawler, a black mamba and 2 swamp
worms.

Vanquished Creatures
  3 hydras
  Urug (Lair:1)
  2 elephants (Lair:3)
  2 black mambas
  3 cane toads
  A demonic crawler (Lair:4)
  2 komodo dragons
  2 trolls (D:9)
  Grinder (D:6)
  6 blink frogs
  A jumping spider (Lair:2)
  Sigmund (D:4)
  27 yaks
  A wyvern (D:10)
  A redback (Lair:2)
  Eustachio (D:4)
  A steam dragon (D:9)
  A basilisk (Lair:1)
  A warg (D:10)
  5 water moccasins
  A sky beast (D:7)
  An orc warrior (D:8)
  3 wolves (Lair:1)
  2 centaurs
  A phantom (D:6)
  8 bullfrogs
  3 kobold brigands
  2 gnoll sergeants (D:9)
  A necrophage (D:6)
  2 scorpions
  8 killer bees
  A battlemage (Lair:4)
  2 jellies
  5 orc priests
  3 hounds
  A gnoll shaman (D:6)
  2 iguanas
  4 orc wizards
  Ijyb (D:4)
  3 hell rats (Lair:1)
  Robin (D:2)
  17 gnolls
  10 adders
  2 white imps
  A worm (D:3)
  2 dart slugs
  17 orcs
  8 ball pythons
  3 bats
  6 endoplasms
  15 goblins
  10 hobgoblins
  4 jackals
  16 kobolds
  10 quokkas
  A frilled lizard (D:2)
  A rat (D:2)
241 creatures vanquished.

Vanquished Creatures (collateral kills)
  2 hydras
  An elephant (Lair:3)
  A cane toad (Lair:1)
  A komodo dragon (Lair:3)
  2 rime drakes
  A polar bear (Lair:4)
  2 blink frogs
  A jumping spider (Lair:2)
  A vampire (D:9)
  7 yaks
  3 basilisks
  2 steam dragons (D:10)
  A warg (D:10)
  A water moccasin (Lair:3)
  2 orc warriors
  A black bear (D:7)
  A wolf (Lair:1)
  2 centaurs
  A kobold brigand (D:8)
  4 bullfrogs
  10 killer bees
  2 howler monkeys (D:9)
  An orc priest (D:10)
  2 orc wizards
  3 hell rats (Lair:1)
  5 kobolds
60 creatures vanquished.

Vanquished Creatures (others)
  2 battlemagi
  4 fungi
  7 plants
13 creatures vanquished.

Grand Total: 314 creatures vanquished

Notes
Turn   | Place    | Note
-------+----------+-------------------------------------------
     0 | D:1      | Gildeon the Minotaur Fighter began the quest for the Orb.
     0 | D:1      | Reached XP level 1. HP: 19/19 MP: 0/0
   185 | D:1      | Reached skill level 3 in Axes
   272 | D:1      | Reached XP level 2. HP: 22/26 MP: 1/1
   712 | D:1      | Reached skill level 4 in Axes
  1137 | D:2      | Noticed Robin
  1138 | D:2      | Reached XP level 3. HP: 27/31 MP: 2/2
  1149 | D:2      | Killed Robin
  1169 | D:2      | Reached skill level 5 in Axes
  1521 | D:2      | Reached XP level 4. HP: 38/39 MP: 3/3
  1582 | D:2      | Found a faded altar of an unknown god.
  1675 | D:2      | Found a white marble altar of Elyvilon.
  2201 | D:3      | Reached skill level 6 in Axes
  2228 | D:3      | Reached XP level 5. HP: 45/45 MP: 4/4
  2422 | D:3      | You are sucked into a shaft and drop 1 floor!
  2430 | D:4      | Found a radiant altar of Vehumet.
  2824 | D:4      | Reached skill level 7 in Axes
  3073 | D:4      | Found a hazy altar of Hepliaklqana.
  3110 | D:4      | Noticed Sigmund
  3114 | D:4      | Killed Sigmund
  3115 | D:4      | Reached skill level 8 in Axes
  3115 | D:4      | Reached XP level 6. HP: 50/51 MP: 5/5
  3356 | D:4      | Found Dasutigg's Magic Scroll Shoppe.
  3447 | D:4      | Identified the +0 scale mail "Ygreiwn" {-Cast rPois Will+
                  | Slay+3}
  3455 | D:4      | Reached skill level 9 in Axes
  3543 | D:4      | Noticed Ijyb
  3561 | D:4      | Killed Ijyb
  3562 | D:4      | Reached XP level 7. HP: 50/57 MP: 6/6
  3676 | D:4      | Noticed Eustachio
  3694 | D:4      | Killed Eustachio
  3916 | D:4      | Bought a scroll of enchant weapon for 105 gold pieces
  3916 | D:4      | Bought a scroll of fear for 49 gold pieces
  3916 | D:4      | Bought a scroll of identify for 28 gold pieces
  3992 | D:4      | Became a worshipper of Hepliaklqana the Forgotten
  4012 | D:5      | Entered Level 5 of the Dungeon
  4140 | D:5      | Reached skill level 10 in Axes
  4439 | D:5      | Found a staircase to the Ecumenical Temple.
  4473 | Temple   | Entered the Ecumenical Temple
  5352 | D:6      | Reached skill level 11 in Axes
  5352 | D:6      | Reached XP level 8. HP: 22/66 MP: 7/7
  5652 | D:6      | Found a shimmering altar of Xom.
  5754 | D:6      | Reached * piety under Hepliaklqana
  5781 | D:6      | Noticed Grinder
  5789 | D:6      | Paralysed by Grinder for 4 turns
  5795 | D:6      | Paralysed by Grinder for 5 turns
  5804 | D:6      | Killed Grinder
  6212 | D:7      | Reached skill level 5 in Fighting
  6212 | D:7      | Reached skill level 5 in Armour
  6405 | D:7      | Reached skill level 12 in Axes
  6405 | D:7      | Reached skill level 1 in Dodging
  6702 | D:7      | Reached XP level 9. HP: 66/66 MP: 8/8
  6704 | D:7      | Learned a level 1 spell: Slow
  6924 | D:8      | Reached ** piety under Hepliaklqana
  6925 | D:8      | Remembered your ancestor Janusz as a battlemage
  6991 | D:8      | Reached skill level 5 in Shields
  7174 | D:8      | Found an ancient bone altar of Kikubaaqudgha.
  7323 | D:8      | Reached skill level 13 in Axes
  7332 | D:8      | Reached skill level 14 in Axes
  7332 | D:8      | Reached skill level 5 in Dodging
  7482 | D:8      | Identified the +8 chain mail of Dim Light {Int-5 Dex+5}
  7619 | D:8      | Reached skill level 1 in Evocations
  8113 | D:9      | Reached XP level 10. HP: 47/74 MP: 9/9
  8460 | D:9      | Found a broken altar of Ashenzari.
  8658 | D:9      | Reached skill level 15 in Axes
  9047 | D:9      | Found a shadowy altar of Dithmenos.
  9246 | D:10     | Entered Level 10 of the Dungeon
  9246 | D:10     | Found a burning altar of Makhleb.
  9257 | D:10     | Reached *** piety under Hepliaklqana
  9262 | D:10     | Found a staircase to the Lair.
  9364 | D:10     | Found Fograick's Jewellery Boutique.
  9418 | D:10     | Reached skill level 16 in Axes
 10110 | D:10     | Noticed a blizzard demon
 10116 | D:10     | Found a glowing silver altar of Zin.
 10116 | D:10     | Noticed an angel
 10282 | D:11     | Noticed a gargoyle
 10344 | Lair:1   | Entered Level 1 of the Lair of Beasts
 10355 | Lair:1   | Reached XP level 11. HP: 84/84 MP: 10/10
 10540 | Lair:1   | Noticed Urug
 10549 | Lair:1   | Killed Urug
 10855 | Lair:1   | Upgraded the game from 0.29-a0-732-g3d7fbe0af2 to
                  | 0.29-a0-757-g358383bc75
 10940 | Lair:1   | Reached **** piety under Hepliaklqana
 10972 | Lair:1   | Reached skill level 5 in Evocations
 11505 | Lair:1   | Reached skill level 17 in Axes
 11505 | Lair:1   | Reached skill level 1 in Spellcasting
 11874 | Lair:2   | Noticed a five-headed hydra
 11882 | Lair:2   | Noticed a five-headed hydra
 11883 | Lair:2   | Killed a five-headed hydra
 11889 | Lair:2   | Killed a five-headed hydra
 11927 | Lair:2   | Noticed an oklob plant
 11927 | Lair:2   | Found the +1 robe of Vines {NoPotionHeal Regen++++}
 11974 | Lair:2   | Found a transporter.
 12068 | Lair:2   | Found a hole to the Spider Nest.
 12222 | Lair:2   | Noticed a six-headed hydra
 12228 | Lair:2   | Killed a six-headed hydra
 12385 | Lair:2   | Found a transporter.
 12844 | Lair:3   | Reached ***** piety under Hepliaklqana
 12875 | Lair:3   | Reached skill level 10 in Fighting
 12875 | Lair:3   | Reached skill level 18 in Axes
 12878 | Lair:3   | Reached XP level 12. HP: 95/95 MP: 13/15
 13167 | Lair:3   | Noticed an eight-headed hydra
 13173 | Lair:3   | Killed an eight-headed hydra
 13627 | Lair:3   | Found a staircase to the Shoals.
 13802 | Lair:4   | Noticed a seven-headed hydra
 14066 | Lair:3   | Killed a seven-headed hydra
 14606 | Lair:4   | HP: 2/95 [swamp worm (11)]
 14606 | Lair:4   | Mangled by a black mamba

Illustrated notes

Levels and vault maps discovered:
D:1:      lightli_arrival_boilingwater, layout_basic
D:2:      layout_loops_ring, hellmonk_ecumenical_altar_heavens_door,
          basic_altar, uniq_robin
D:3:      layout_loops_ring
D:4:      layout_loops_ring, lemuel_tele_altar, general_overflow_altar,
          hangedman_abyss_or_decor_stagger, nicolae_inconvenience_store,
          nicolae_figureground_pulse, uniq_sigmund, uniq_eustachio, uniq_ijyb
D:5:      layout_basic, minmay_temple_entry_statues_fountains
D:6:      layout_cave_pools, nicolae_overflow_crystal_walls,
          hangedman_decor_lopped, uniq_grinder
D:7:      layout_gridville
D:8:      layout_basic, lemuel_crystal_altar
D:9:      kennysheep_ambush_hall, layout_long_grid, kennysheep_mini,
          cheibrodos_ashenzari_chains
D:10:     nicolae_cairo_tiling_large, layout_long_grid,
          grunt_temple_overflow_order_and_chaos_2, erik_lair_orcish_takeover,
          serial_shops, shop, grunt_decor_one_mirror
D:11:     layout_basic, lemuel_another_geyser
Temple:   eino_narrow_crystal_temple
Lair:1:   layout_cave_pods, uniq_urug
Lair:2:   gammafunk_worm_tunnel, layout_regular_city, spider_nest_entry_a,
          hellmonk_guarded_unrand_vines
Lair:3:   layout_regular_city, elwin_shoals_entry_rooms,
          chequers_serial_rivers_micro_a, eino_small_chamber_without_monster
Lair:4:   layout_cave_shapes, worms_lemuel

Skill      XL: |  1  2  3  4  5  6  7  8  9 10 11 12 |
---------------+-------------------------------------+-----
Axes           | 3 4 5 6 8 9 11 12 14 16 18 | 18.0
Fighting       | 4 5 8 10 | 10.0
Armour         | 4 5 7 |  7.8
Dodging        | 2 5 |  5.0
Shields        | 4 5 7 |  7.8
Evocations     | 1 4 5 |  5.0
Spellcasting   | 3 4 |  4.6

Action                   |  1- 3 |  4- 6 |  7- 9 | 10-12 || total
-------------------------+-------+-------+-------+-------++-------
Melee: War axe           |    87 |   133 |    56 |       ||   276
       Headbutt          |     9 |    20 |    24 |    53 ||   106
       Broad axe         |       |       |   111 |   230 ||   341
       Flail             |       |       |       |    17 ||    17
Invok: Ancestor Identity |       |       |     1 |       ||     1
       Ancestor Life: Ba |       |       |     1 |       ||     1
       Recall Ancestor   |       |       |       |     1 ||     1
Evoke: Wand              |       |       |     1 |     9 ||    10
  Use: Potion            |       |     1 |       |     4 ||     5
       Scroll            |       |       |     5 |     6 ||    11
 Stab: Distracted        |       |       |     1 |     2 ||     3
Armor: Scale mail        |    13 |       |       |       ||    13
       Chain mail        |    39 |    72 |    78 |       ||   189
       Plate armour      |       |       |    11 |   124 ||   135
Dodge: Dodged            |    35 |    36 |    65 |    46 ||   182
Block: Buckler           |    23 |       |       |       ||    23
       Kite shield       |     3 |    44 |   112 |     6 ||   165
       Tower shield      |       |       |       |   284 ||   284
       Reflection        |       |       |       |     7 ||     7

Table legend: (Time is in decaauts)
 A = Elapsed time spent in this place.
 B = Non-inter-level travel time spent in this place.
 C = Inter-level travel time spent in this place.
 D = Time resting spent in this place.
 E = Time spent auto-exploring this place.
 F = Levels seen in this place.
 G = Mean time per level.
                   A        B        C        D        E       F      G
               +--------+--------+--------+--------+--------+-----+--------+
         Total |  14727 |  14399 |    328 |   1034 |  11227 |  16 |  920.4 |
       Dungeon |  10265 |  10001 |    264 |    277 |   8074 |  11 |  933.2 |
        Temple |    197 |    183 |     14 |      0 |    177 |   1 |  197.0 |
          Lair |   4264 |   4214 |     50 |    757 |   2976 |   4 | 1066.0 |
               +--------+--------+--------+--------+--------+-----+--------+

Top non-repeatable levels by time:
  Lair:3: 1582 daAuts
  Lair:1: 1352 daAuts
     D:9: 1288 daAuts
     D:4: 1237 daAuts
     D:1: 1149 daAuts
     D:5: 1117 daAuts
    D:10: 1091 daAuts
     D:8: 1081 daAuts
  Lair:2: 1046 daAuts
     D:2: 1030 daAuts
     D:6: 893 daAuts
     D:7: 687 daAuts
     D:3: 673 daAuts
  Lair:4: 283 daAuts
  Temple: 197 daAuts
